 Dungeon Sprint DCSS version 0.22.1-1-ga44c0e56f4 (webtiles) character file.

252 MuseOD the Fighter (level 6, -23/61 HPs)
             Began as a Hill Orc Fighter on Oct 4, 2018.
             Killed from afar by a deep elf mage (29 damage)
             ... with a bolt of fire
             ... in the Dungeon (Sprint III: "The Ten Rune Challenge").
             The game lasted 00:01:04 (806 turns).

MuseOD the Fighter (Hill Orc Fighter)                Turns: 806, Time: 00:01:05

Health: -23/61     AC: 11    Str: 20    XL:     6   Next: 14%
Magic:  6/6        EV:  8    Int:  8    God:
Gold:   17         SH: 11    Dex: 11    Spells: 5/5 levels left

rFire    . . .     SeeInvis .   a - +0 war axe
rCold    . . .     Gourm    .   c - +0 shield
rNeg     . . .     Faith    .   b - +0 scale mail
rPois    .         Spirit   .   (no helmet)
rElec    .         Reflect  .   m - +2 cloak
rCorr    .         Harm     .   (no gloves)
MR       .....     NoTele   +   (no boots)
Stlth    ..........             (no amulet)
HPRegen  0.20/turn              (no ring)
MPRegen  0.10/turn              (no ring)

@: no status effects
A: no striking features
a: no special abilities


You were in the Dungeon.
You were not hungry.

You visited 1 branch You collected 17 gold pieces.

Inventory:

Hand Weapons
 a - a +0 war axe (weapon)
Armour
 b - a +0 scale mail (worn)
 c - a +0 shield (worn)
 m - a +2 cloak (worn)
Wands
 t - a wand of flame (32)
Scrolls
 k - 2 scrolls of blinking
 l - 4 scrolls of remove curse
 o - a scroll of immolation {unknown}
 p - 2 scrolls of identify {unknown}
 r - a scroll of holy word {unknown}
Potions
 d - a potion of might
 e - 2 potions of curing
 g - a potion of heal wounds
 h - a potion of haste
 i - 2 potions of magic
 j - a potion of berserk rage
 n - 3 potions of mutation {unknown}
 q - 2 potions of agility {unknown}
 s - a potion of flight {unknown}
Comestibles
 f - 3 rations


   Skills:
 + Level 8.1 Fighting
 + Level 8.0 Axes
 + Level 7.7 Armour
 + Level 0.9 Dodging
 + Level 7.4 Shields


You had 5 spell levels left.
You didn't know any spells.
Your spell library was empty.

Dungeon Overview and Level Annotations

Branches:
Dungeon (1/1)

Altars:
Dithmenos
Elyvilon
Ru
Yredelemnul
Zin
The Shining One


Message History

The fire elemental is almost destroyed.
You block the fire elemental's attack.
You barely miss the fire elemental.
The fire elemental is almost destroyed.
You block the fire elemental's attack.
You barely miss the fire elemental.
The fire elemental is almost destroyed.
You block the fire elemental's attack. The fire elemental hits you.
The fire elemental burns you!
* * * LOW HITPOINT WARNING * * *
You closely miss the fire elemental.
The fire elemental is almost destroyed.
The fire elemental hits you. The fire elemental burns you!
* * * LOW HITPOINT WARNING * * *
You block the fire elemental's attack.
You hit the fire elemental.
You destroy the fire elemental!
The deep elf mage gestures at you while chanting.
The bolt of fire hits you!
You die...

▓▓▓▓▓▓ ▓▓▓ .#...####
##.##### ####
.#......#####..#___# #__#
##....[..#..#..#..e# #._#
.##.##...#..#..###§#+###)##
.##.###..##'#..#..........#
####.##..###...'@⌠........#
##..##..####...#...######+#
....##..###....#.⌠.#
#..##...##.....#...#
..##....#......#+###
.###..##)#.....# .# #..
####....# ▓▓ ▓▓▓ ▓▓▓▓▓▓


You could see a deep elf mage.

Vanquished Creatures
  A necrophage (D)
  A water elemental (D)
  Crazy Yiuf (D)
  Jessica (D)
  A necromancer (D)
  A human (D)
  2 oozes (D)
  A rat (D)
9 creatures vanquished.

Vanquished Creatures (others)
  2 draconian scorchers (D)
  6 hellions (D)
  3 yaktaurs (D)
11 creatures vanquished.

Grand Total: 20 creatures vanquished

Notes
Turn   | Place    | Note
-------+----------+-------------------------------------------
     0 | D        | MuseOD the Hill Orc Fighter began the quest for the Orb.
     0 | D        | Reached XP level 1. HP: 19/19 MP: 1/1
    14 | D        | Reached XP level 2. HP: 25/28 MP: 2/2
    44 | D        | Noticed Jessica
    49 | D        | Killed Jessica
    49 | D        | Reached skill level 5 in Fighting
    49 | D        | Reached skill level 5 in Shields
    49 | D        | Reached XP level 3. HP: 13/36 MP: 3/3
    92 | D        | Killed a yaktaur
   108 | D        | Killed a hellion
   108 | D        | Killed a hellion
   109 | D        | Killed a hellion
   109 | D        | Killed a hellion
   112 | D        | Killed a hellion
   163 | D        | Killed a white draconian scorcher
   175 | D        | Killed a white draconian scorcher
   195 | D        | Killed a hellion
   216 | D        | Killed a yaktaur
   239 | D        | Noticed Crazy Yiuf
   245 | D        | Killed Crazy Yiuf
   245 | D        | Reached skill level 5 in Armour
   245 | D        | Reached XP level 4. HP: 34/44 MP: 4/4
   287 | D        | Killed a yaktaur
   438 | D        | Noticed a water elemental
   453 | D        | Killed a water elemental
   453 | D        | Reached XP level 5. HP: 10/52 MP: 5/5
   715 | D        | Found a basalt altar of Yredelemnul.
   715 | D        | Found a shadowy altar of Dithmenos.
   715 | D        | Found a sacrificial altar of Ru.
   715 | D        | Noticed a necrophage
   722 | D        | Killed a necrophage
   722 | D        | Reached XP level 6. HP: 48/61 MP: 6/6
   787 | D        | Found a glowing silver altar of Zin.
   787 | D        | Found a glowing golden altar of the Shining One.
   787 | D        | Found a white marble altar of Elyvilon.
   787 | D        | Noticed a deep elf mage
   791 | D        | Noticed a fire elemental
   806 | D        | Killed from afar by a deep elf mage

Skill      XL: |  1  2  3  4  5 |
---------------+----------------+-----
Fighting       | 4 5 6 7 8 |  8.1
Axes           | 3 4 6 8 |  8.0
Armour         | 4 5 6 7 |  7.7
Shields        | 4 5 6 7 |  7.4
Dodging        | |  0.9

Action                   |  1- 3 |  4- 6 || total
-------------------------+-------+-------++-------
Melee: War axe           |    13 |    38 ||    51
Armor: Scale mail        |     4 |     9 ||    13
Dodge: Dodged            |     1 |     8 ||     9
Block: Shield            |     6 |    17 ||    23
